 Dungeon Crawl Stone Soup version 0.31.0-32-g396128a36d (webtiles) character file.

Game seed: 14988266019335594146

2110 suse60 the Thaumaturge (level 9, -2/55 HPs)
             Began as a Djinni Fire Elementalist on Mar 26, 2024.
             Shot with an arrow by an orc warrior (7 damage)
             ... on level 7 of the Dungeon on Mar 31, 2024.
             The game lasted 00:49:37 (5203 turns).

suse60 the Thaumaturge (Djinni Fire Elementalist)   Turns: 5203, Time: 00:49:38

Health: -2/55      AC:  5    Str:  7    XL:     9   Next: 53%
Gold:   328        EV: 12    Int: 21    God:
                   SH:  0    Dex: 14

rFire   + + +        o - staff of fire
rCold   . . .        (no shield)
rNeg    + . .        a - +0 robe
rPois   ∞            d - +2 hat of Pimoc {rC+ rN+}
rElec   .            h - +0 cloak
rCorr   .            (no gloves)
SInv    +            (boots unavailable)
Will    .....        (no amulet)
Stlth   ++           f - ring of see invisible
HPRegen 0.29/turn    (no ring)
MPRegen 0.00/turn

%: infuse magic (-3 HP)
@: flying
A: sickness immunity, fire resistance 2, cold vulnerability 1, float, innate
caster, HP casting, extra vitality 1
a: no special abilities


You were on level 7 of the Dungeon.
You visited 1 branch of the dungeon, and saw 7 of its levels.

You collected 446 gold pieces.
You spent 118 gold pieces at shops.

Inventory:

Hand Weapons
 b - a +2 hand axe of freezing
Armour
 a - a +0 robe (worn)
 d - the +2 hat of Pimoc (worn) {rC+ rN+}
   (You acquired it on level 4 of the Dungeon)

   rC+:       It protects you from cold.
   rN+:       It protects you from negative energy.
 h - a +0 cloak (worn)
Magical Staves
 o - a staff of fire (weapon)
 w - a staff of death
Jewellery
 f - a ring of see invisible (left hand)
 l - a ring of fire
 r - a ring of resist corrosion
 s - the ring of the Final Decision {rElec rF+ Int+6}
   (You found it on level 5 of the Dungeon)

   [ring of intelligence]

   Int+6:     It affects your intelligence (+6).
   rF+:       It protects you from fire.
   rElec:     It insulates you from electricity.
Wands
 g - a wand of charming (9)
 t - a wand of roots (4)
 v - a wand of flame (16)
Scrolls
 e - 3 scrolls of teleportation
 j - a scroll of fog
 n - a scroll of noise {unknown}
 p - a scroll of poison
 q - a scroll of immolation
 x - a scroll of identify
Potions
 c - 3 potions of curing
 i - a potion of invisibility {unknown}
 k - a potion of mutation
 m - a potion of might {unknown}
 u - a potion of haste {unknown}


   Skills:
 - Level 2.5 Dodging
 - Level 1.9 Stealth
 * Level 9.8 Spellcasting
 * Level 9.8 Conjurations
 * Level 9.8 Hexes
 * Level 9.8 Summonings
 * Level 9.8 Necromancy
 * Level 9.8 Translocations
 * Level 9.8 Fire Magic
 * Level 9.8 Ice Magic
 * Level 9.8 Air Magic
 * Level 9.8 Earth Magic
 * Level 9.8 Alchemy


You knew the following spells:

 Your Spells              Type           Power      Damage    Failure   Level
a - Foxfire               Conj/Fire      100%       2x1d9     1%          1
b - Scorch                Fire           100%       2d9       1%          2
c - Volatile Blastmotes   Fire/Tloc      100%       2d18      1%          3
d - Inner Flame           Hex/Fire       67%        N/A       1%          3
e - Flame Wave            Conj/Fire      67%        2d15      1%          4
f - Summon Small Mammal   Summ           100%       N/A       1%          1
g - Blink                 Tloc           100%       N/A       1%          2
h - Swiftness             Air            51%        N/A       1%          3
i - Dimensional Bullseye  Hex/Tloc       25%        N/A       1%          4
Your spell library was empty.

Dungeon Overview and Level Annotations

Branches:
Dungeon (7/15)
 Temple: D:4-7

Altars:
The Shining One

Shops:
D:4 ??   D:6 =

Annotations:
D:6 Jeremiah


Innate Abilities, Weirdness & Mutations

You are immune to sickness and miasma.
You are immune to poison.
Your flesh is very heat resistant. (rF++)
You are vulnerable to cold. (rC-)
You float through the air rather than walking.
You learn spells naturally, not from books.
Your magical power is your life essence.
You have superior vitality. (+4 MHP)


Message History

You feel a surge of power!
Flames lash the orc wizard.
The orc wizard is almost dead.
The orc wizard's fire resistance burns away.
Casting: Scorch (safe; 1% risk of failure)
Confirm with . or Enter, or press ? or * to list all spells.
You feel a surge of power!
Flames lash the orc wizard.
The orc wizard is burned terribly!
You kill the orc wizard!
An orc comes into view. It is wielding a +0 dagger.
You see here a howler monkey corpse.
An orc warrior comes into view.
It is wielding a +2 scimitar of draining.
Things that are here:
a +0 short sword; a +0 scale mail; an orc corpse You see here a howler monkey corpse.
Casting: Scorch (safe; 1% risk of failure)
Confirm with . or Enter, or press ? or * to list all spells.
You feel a surge of power!
Flames lash the orc.
The orc is almost dead.
The orc's fire resistance burns away.
Casting: Scorch (safe; 1% risk of failure)
Confirm with . or Enter, or press ? or * to list all spells.
You feel a surge of power!
You conjure some foxfire!
The foxfire hits the orc.
The orc is burned terribly!
You kill the orc!
The foxfire hits the orc warrior but does no damage.
You see here a bullfrog corpse.
The orc warrior unwields a +2 scimitar of draining.
The orc warrior wields a +0 orcbow.
The orc warrior shoots an arrow.
The arrow completely misses you.
Casting: Foxfire (safe; 1% risk of failure)
Confirm with . or Enter, or press ? or * to list all spells.
You can't see any susceptible monsters within range! (Use Z to cast anyway.)
The orc warrior shoots an arrow.
The arrow hits you!
The orc warrior shoots an arrow.
The arrow hits you!
* * * LOW HITPOINT WARNING * * *
Found 3 stones.
The orc warrior shoots an arrow.
The arrow hits you!
* * * LOW HITPOINT WARNING * * *
The orc warrior shoots an arrow.
The arrow hits you!
You die...

###.###.......o.#####..#
#.#.#.##.##.#.# ..#
#.#.#.##..#.#.# ##
#.#<#.###.o.#.####
#.#.#.####.....(..
#.#.#.........####
#...###.......#
##....#.####..#
#.##.@†......#
...#####.####.# ###.#
#.# .# #######.## .#
.........# ##########


You could see an orc warrior.

Vanquished Creatures
  A water moccasin (D:6)
  3 ice beasts
  2 sky beasts
  3 black bears
  2 ogres (D:6)
  A kobold brigand (D:4)
  A phantom (D:5)
  2 bullfrogs
  A scorpion (D:5)
  3 howler monkeys (D:7)
  2 bombardier beetles
  2 jellies
  3 orc priests
  A hound (D:5)
  2 sleepcaps
  2 iguanas
  5 orc wizards
  6 adders
  4 gnolls (D:5)
  4 ufetubi (D:6)
  A ribbon worm (D:2)
  2 dart slugs
  17 orcs
  4 bats
  10 endoplasms
  2 giant cockroaches
  4 goblins
  4 hobgoblins
  4 jackals (D:4)
  2 quokkas
  3 ball pythons
  3 frilled lizards
  4 kobolds
  7 rats
117 creatures vanquished.

Vanquished Creatures (collateral kills)
  2 foxfires (D:2)
2 creatures vanquished.

Vanquished Creatures (others)
  220 foxfires
220 creatures vanquished.

Grand Total: 339 creatures vanquished

Notes
Turn   | Place    | Note
-------+----------+-------------------------------------------
     0 | D:1      | suse60 the Djinni Fire Elementalist began the quest for the
                  | Orb.
     0 | D:1      | suse60 set off with the following spells memorised:
                  | Foxfire, Scorch, Volatile Blastmotes, Inner Flame, Flame
                  | Wave.
     0 | D:1      | Reached XP level 1. HP: 15/15 MP: 0/0
   106 | D:1      | Reached XP level 2. HP: 21/21 MP: 0/0
   426 | D:2      | Found a glowing golden altar of the Shining One.
   749 | D:2      | Reached XP level 3. HP: 25/25 MP: 0/0
   749 | D:2      | Learned a level 1 spell: Summon Small Mammal
   783 | D:2      | Found a faded altar of an unknown god.
  1459 | D:3      | Reached XP level 4. HP: 29/31 MP: 0/0
  1962 | D:3      | Reached XP level 5. HP: 14/35 MP: 0/0
  1962 | D:3      | Learned a level 2 spell: Blink
  2814 | D:4      | Noticed a kobold brigand
  2831 | D:4      | Killed a kobold brigand
  2832 | D:4      | Reached skill level 5 in Spellcasting
  2832 | D:4      | Reached skill level 5 in Conjurations
  2832 | D:4      | Reached skill level 5 in Hexes
  2832 | D:4      | Reached skill level 5 in Summonings
  2832 | D:4      | Reached skill level 5 in Necromancy
  2832 | D:4      | Reached skill level 5 in Translocations
  2832 | D:4      | Reached skill level 5 in Fire Magic
  2832 | D:4      | Reached skill level 5 in Ice Magic
  2832 | D:4      | Reached skill level 5 in Air Magic
  2832 | D:4      | Reached skill level 5 in Earth Magic
  2832 | D:4      | Reached skill level 5 in Alchemy
  2832 | D:4      | Reached XP level 6. HP: 34/40 MP: 0/0
  2863 | D:4      | Found Umeap's Magic Scroll Emporium.
  2871 | D:4      | Bought a scroll of identify for 26 gold pieces
  2871 | D:4      | Bought a scroll of identify for 26 gold pieces
  2875 | D:4      | Bought a scroll of identify for 26 gold pieces
  3198 | D:4      | Found The Oracle's Delphic Readings.
  3202 | D:4      | Bought a scroll of identify for 20 gold pieces
  3202 | D:4      | Bought a scroll of identify for 20 gold pieces
  3250 | D:4      | Identified a scroll of acquirement
  3252 | D:4      | Acquired the +2 hat of Pimoc {rC+ rN+}
  3413 | D:5      | Entered Level 5 of the Dungeon
  3415 | D:5      | Noticed a black bear
  3426 | D:5      | Killed a black bear
  3427 | D:5      | Reached XP level 7. HP: 5/45 MP: 0/0
  3427 | D:5      | Learned a level 3 spell: Swiftness
  3983 | D:5      | Identified the ring of the Final Decision {rElec rF+ Int+6}
  3997 | D:5      | Reached XP level 8. HP: 48/50 MP: 0/0
  4419 | D:6      | Noticed Jeremiah
  4643 | D:6      | Reached XP level 9. HP: 38/55 MP: 0/0
  4643 | D:6      | Learned a level 4 spell: Dimensional Bullseye
  4777 | D:6      | Found Woptos's Jewellery Emporium.
  5203 | D:7      | Shot with an arrow by an orc warrior

Illustrated notes

Levels and vault maps discovered:
D:1:      mrwooster_arrival_statue_3, layout_rooms
D:2:      layout_loops_ring, shapermc_ecumenical_altar_acropolis, basic_altar,
          minmay_hedge_maze
D:3:      layout_loops_corners
D:4:      layout_loops_ring, serial_shops, nicolae_shop_stone,
          dreamdust_princess_corridor, nicolae_nh_oracle_at_delphi
D:5:      layout_rooms
D:6:      layout_basic, serial_shops, shop, serial_bayou_pond_e,
          minmay_misc_feat_alley, uniq_jeremiah
D:7:      layout_basic, amcnicky_altar_gilded,
          mainiacjoe_overflow_concentric_impassable,
          minmay_temple_entry_sparse_star

Skill      XL: |  1  2  3  4  5  6  7  8  9 |
---------------+----------------------------+-----
Spellcasting   | 4 5 6 7 8 9 |  9.8
Conjurations   | 4 5 6 7 8 9 |  9.8
Hexes          | 4 5 6 7 8 9 |  9.8
Summonings     | 4 5 6 7 8 9 |  9.8
Necromancy     | 4 5 6 7 8 9 |  9.8
Translocations | 4 5 6 7 8 9 |  9.8
Fire Magic     | 4 5 6 7 8 9 |  9.8
Ice Magic      | 4 5 6 7 8 9 |  9.8
Air Magic      | 4 5 6 7 8 9 |  9.8
Earth Magic    | 4 5 6 7 8 9 |  9.8
Alchemy        | 4 5 6 7 8 9 |  9.8
Dodging        | |  2.5
Stealth        | |  1.9

Action                     |  1- 3 |  4- 6 |  7- 9 || total
---------------------------+-------+-------+-------++-------
  Melee: Hand axe          |     3 |     6 |       ||     9
         Staff             |       |       |     2 ||     2
   Cast: Foxfire           |    42 |    43 |    50 ||   135
         Scorch            |     1 |    24 |    57 ||    82
         Volatile Blastmot |       |       |     3 ||     3
         Summon Small Mamm |       |       |     1 ||     1
    Use: Scroll            |     7 |     7 |       ||    14
         Potion            |       |     1 |     2 ||     3
 Armour: Robe              |    13 |    37 |    25 ||    75
  Dodge: Dodged            |    12 |    28 |    19 ||    59
